 Dungeon Crawl Stone Soup version 0.31-a0-216-g22e908daa7 (webtiles) character file.

Game seed: 16596479015386538466

256 qw the Chopper (level 6, -5/38 HPs)
             Began as a Gargoyle Fighter on July 2, 2023.
             Slain by an ogre
             ... wielding a +0 giant club
              (24 damage)
             ... on level 4 of the Dungeon.
             The game lasted 00:01:27 (2874 turns).

qw the Chopper (Gargoyle Fighter)                   Turns: 2874, Time: 00:01:27

Health: -5/38      AC: 15    Str: 21    XL:     6   Next: 15%
Magic:  6/6        EV:  7    Int:  9    God:
Gold:   139        SH:  4    Dex:  9    Spells: 5/5 levels left

rFire   . . .        Y - +1 war axe
rCold   . . .        c - +0 buckler
rNeg    + . .        l - +0 chain mail
rPois   inf          j - +0 helmet
rElec   +            (no cloak)
rCorr   .            (no gloves)
SInv    .            g - +0 pair of boots
Will    .....        (no amulet) Stlth
                     (no ring)
HPRegen 0.26/turn    (no ring)
MPRegen 0.10/turn

%: no passive effects
@: no status effects
A: sickness immunity, AC +4, negative energy resistance 1, electricity
resistance, torment resistance 1, petrification resistance
a: no special abilities


You were on level 4 of the Dungeon.
You visited 1 branch of the dungeon, and saw 4 of its levels.

You collected 139 gold pieces.


Innate Abilities, Weirdness & Mutations

You are immune to sickness and miasma.
Your stone body is resilient. (AC +4)
You are immune to poison.
You resist negative energy. (rN+)
You are resistant to electric shocks. (rElec)
You are resistant to unholy torment.
You are immune to petrification.


   Skills:
 - Level 4.2 Fighting
 + Level 5.2 Axes
 - Level 3.2 Armour
 - Level 3.2 Shields


You had 5 spell levels left.
You didn't know any spells.
Your spell library was empty.

Inventory:

Hand Weapons
 h - a +0 flail
 Y - a +1 war axe (weapon)
Armour
 c - a +0 buckler (worn)
 g - a +0 pair of boots (worn)
 j - a +0 helmet (worn)
 l - a +0 chain mail (worn)
Scrolls
 f - a scroll of identify
 k - 2 scrolls of teleportation
Potions
 a - a potion of curing
 d - 2 potions of might
 e - a potion of enlightenment

Dungeon Overview and Level Annotations

Branches:
Dungeon (4/15)             Temple (0/1) D:4

Altars:

Portals:
Abyss: D:4

Annotations:
D:4 2 transporters, qw's ghost, amateur DEHu


Message History

The giant cockroach bites you but does no damage.
You hit the orc wizard but do no damage.
The orc wizard is lightly wounded.
You barely miss the giant cockroach.
The orc wizard hits you but does no damage.
The giant cockroach barely misses you.
The orc wizard hits you but does no damage.
The ogre hits you with a +0 giant club.
You slash the orc wizard!
The orc wizard is severely wounded.
You slash the ogre! You hit the giant cockroach.
You kill the giant cockroach!
An orc comes into view. It is wielding a +0 dagger.
The orc wizard hits you but does no damage.
You miss the orc wizard.
The orc wizard is severely wounded.
You hit the ogre. You slash the ball python!
You kill the ball python!
The ogre barely misses you. The orc wizard barely misses you.
You barely miss the orc wizard.
The orc wizard is severely wounded.
You hit the ogre.
The orc wizard hits you with a +0 dagger.
The ogre hits you with a +0 giant club!
You closely miss the orc wizard.
The orc wizard is severely wounded.
You hit the ogre. You hit the orc.
An orc comes into view. It is wielding a +0 short sword.
The orc hits you but does no damage.
The orc wizard hits you but does no damage.
The ogre hits you with a +0 giant club!
The orc wizard hits you but does no damage.
You block the orc's attack.
You miss the orc wizard.
The orc wizard is severely wounded.
The orc shouts!
You hit the ogre. You hit the orc but do no damage.
The ogre hits you with a +0 giant club!!
Ouch! That really hurt!
You die...

...####...#.......##
#.....#..........##
.#>..#...#......##
........#.....#.###
#.....##......#...#
........#.........##
.............#..#..# .
....#.....#..###.### ...
..........#..##O@##.....
......#...#.....ooSoo..#
.............#.#.##o....
.. ... ####o 8.8. .. ..
#. }.} # .. >o .. } o8.
...


You could see an ogre, an orc wizard, an adder and 6 orcs.

Vanquished Creatures
  A scorpion (D:4)
  A hound (D:4)
  An orc priest (D:3)
  An orc wizard (D:3)
  2 adders
  2 worms
  A dart slug (D:3)
  9 orcs
  6 endoplasms
  6 giant cockroaches
  6 goblins
  7 hobgoblins
  4 jackals (D:2)
  11 kobolds
  2 quokkas (D:3)
  4 ball pythons
  3 bats (D:1)
  3 frilled lizards
  6 rats
76 creatures vanquished.

Notes
Turn   | Place    | Note
-------+----------+-------------------------------------------
     0 | D:1      | qw the Gargoyle Fighter began the quest for the Orb.
     0 | D:1      | Reached XP level 1. HP: 14/14 MP: 1/1
     0 | D:1      | 0 ||| qw: Version: 0.3-a-40-ge99b1a8
     0 | D:1      | 0 ||| qw: Game counter: 7951
     0 | D:1      | 0 ||| qw: Melee chars always use a shield: true
     0 | D:1      | 0 ||| qw: God list: Okawaru
     0 | D:1      | 0 ||| qw: Allow faded altars: false
     0 | D:1      | 0 ||| qw: Do Orc after clearing Dungeon:15 true
     0 | D:1      | 0 ||| qw: Do second Lair branch before Depths: true
     0 | D:1      | 0 ||| qw: Lair rune preference: random
     0 | D:1      | 0 ||| qw: Goals: Normal, Zot:1-4, Slime:5, God:TSO, Crypt,
                  | Tomb, Abyss, Pan, Hells, Win
     0 | D:1      | 0 ||| PLANNING D:1-11
   114 | D:1      | Reached skill level 2 in Axes
   262 | D:1      | Reached XP level 2. HP: 19/19 MP: 2/2
   792 | D:1      | 792 ||| READING scroll labelled LEYHEE RYAMP.
   793 | D:1      | 793 ||| READING scroll labelled WUATHE WYUHO.
   882 | D:2      | Reached skill level 3 in Axes
   897 | D:2      | Reached XP level 3. HP: 23/23 MP: 3/3
  1263 | D:2      | 1263 ||| DROPPING +0 club.
  1511 | D:2      | 1511 ||| Stepping ~*~*~tactically~*~*~ (stealth).
  1512 | D:2      | 1512 ||| Stepping ~*~*~tactically~*~*~ (stealth).
  1689 | D:2      | 1689 ||| READING scroll labelled KENTEIDAWN.
  1690 | D:2      | 1690 ||| READING scroll labelled DUQIOQ YNUAFOY.
  1766 | D:3      | Reached XP level 4. HP: 28/28 MP: 4/4
  1783 | D:3      | 1783 ||| Stepping ~*~*~tactically~*~*~ (stealth).
  1785 | D:3      | 1785 ||| Stepping ~*~*~tactically~*~*~ (hiding).
  1945 | D:3      | Reached skill level 4 in Axes
  1953 | D:3      | 1953 ||| Stepping ~*~*~tactically~*~*~ (stealth).
  2136 | D:3      | 2136 ||| Stepping ~*~*~tactically~*~*~ (stealth).
  2138 | D:3      | 2138 ||| Stepping ~*~*~tactically~*~*~ (stealth).
  2139 | D:3      | 2139 ||| Stepping ~*~*~tactically~*~*~ (hiding).
  2140 | D:3      | 2140 ||| Stepping ~*~*~tactically~*~*~ (stealth).
  2148 | D:3      | Reached XP level 5. HP: 22/32 MP: 5/5
  2518 | D:3      | 2518 ||| UPGRADING to +0 pair of boots.
  2523 | D:3      | 2523 ||| DROPPING +2 leather armour of fire resistance.
  2524 | D:3      | 2524 ||| UPGRADING to +0 helmet.
  2529 | D:3      | 2529 ||| UPGRADING to +0 chain mail.
  2539 | D:3      | 2539 ||| DROPPING +0 scale mail.
  2540 | D:3      | 2540 ||| READING scroll labelled HARAHO WEUDA.
  2572 | D:4      | Reached skill level 5 in Axes
  2594 | D:4      | Reached XP level 6. HP: 37/38 MP: 6/6
  2630 | D:4      | Found a transporter.
  2632 | D:4      | Found a transporter.
  2653 | D:4      | Noticed a small abomination
  2654 | D:4      | Found a one-way gate to the infinite horrors of the Abyss.
  2654 | D:4      | Noticed qw's ghost (amateur DEHu)
  2851 | D:4      | Found a staircase to the Ecumenical Temple.
  2852 | D:4      | 2852 ||| PLANNING TEMPLE
  2852 | D:4      | 2852 ||| READING scroll labelled QUV DUACWOL UNY.
  2853 | D:4      | 2853 ||| READING 3 scrolls of identify.
  2853 | D:4      | 2853 ||| IDENTIFYING puce potion
  2854 | D:4      | 2854 ||| READING 2 scrolls of identify.
  2854 | D:4      | 2854 ||| IDENTIFYING bubbling black potion
  2857 | D:4      | 2857 ||| Stepping ~*~*~tactically~*~*~ (hiding).
  2864 | D:4      | 2864 ||| Stepping ~*~*~tactically~*~*~ (stealth).
  2874 | D:4      | Slain by an ogre

Levels and vault maps discovered:
D:1:      amcnicky_arrival_abandoned_market, layout_loops_ring
D:2:      minmay_chambers_of_ones, layout_loops_ring, minmay_stone_trees_medium
D:3:      layout_loops_ring, grunt_decor_fettered, minmay_fountain_box,
          chequers_serial_rivers_micro_b, minmay_misc_feat_plants,
          minmay_parallelograms, st_stairs_6
D:4:      layout_layer_cave, minmay_temple_entry_statues_fountains,
          gammafunk_ghost_abyssal_escape, uniq_edmund

Skill      XL: |  1  2  3  4  5 |
---------------+----------------+-----
Axes           | 2 3 4 5 |  5.2
Fighting       | 4 |  4.2
Armour         | |  3.2
Shields        | |  3.2

Action                     |  1- 3 |  4- 6 || total
---------------------------+-------+-------++-------
  Melee: War axe           |   131 |   107 ||   238
    Use: Scroll            |     4 |     4 ||     8
 Armour: Scale mail        |    50 |    41 ||    91
         Chain mail        |       |    24 ||    24
  Dodge: Dodged            |    52 |    46 ||    98
  Block: Buckler           |    17 |    28 ||    45

Table legend:
 A = Non-vault XP
 B = Vault XP
 C = Vault XP percentage of total XP
 D = Non-vault monster count
 E = Vault monster count
 F = Vault count percentage of total count
                 A         B        C        D         E       F
            +---------+---------+-------+---------+---------+-------
      Total |     342 |      24 |   6.6 |      69 |       7 |   9.2
            +---------+---------+-------+---------+---------+-------
        D:1 |      28 |       0 |   0.0 |      18 |       0 |   0.0
        D:2 |      29 |      19 |  39.6 |      16 |       5 |  23.8
        D:3 |     142 |       5 |   3.4 |      27 |       2 |   6.9
        D:4 |     143 |       0 |   0.0 |       8 |       0 |   0.0
            +---------+---------+-------+---------+---------+-------
